 Dungeon Crawl Stone Soup version 0.30.1 (webtiles) character file.

Game seed: 16187947916021979662

1633004 diecastcamel the Invulnerable (level 26, 266/266 (284) HPs)
             Began as an Armataur Fighter on May 23, 2023.
             Was a High Priest of Okawaru.
             Escaped with the Orb
             ... and 3 runes on July 5, 2023!
             The game lasted 07:23:58 (73727 turns).

diecastcamel the Invulnerable (Armataur Fighter)   Turns: 73727, Time: 07:23:58

HP:   266/266 (284) AC: 53    Str: 34    XL:     26   Next: 73%
MP:   21/21         EV: 12    Int:  7    God:    Okawaru [*****.]
Gold: 3180          SH: 24    Dex: 24    Spells: 25/25 levels left

rFire   + + +        j - +8 eveningstar (flame)
rCold   + + +        K - +2 shield of Resistance {rF++ rC++ Will++}
rNeg    . . .        e - +9 plate armour {Will+}
rPois   +            (no helmet)
rElec   .            u - +2 cloak {rCorr}
rCorr   +            d - +3 pair of gloves of Uska {rC+ Dex+3}
SInv    +            T - +4 barding of Twilight {rPois rF- Dex+6}
Will    ++++.        U - amulet of reflection Stlth
                     Q - ring of the Clean God {Fly rF+ rC+ Int-3 SInv}
HPRegen 0.64/turn    G - ring "Meghy" {rF+ rCorr MP-9 Str+3 Dex+4}
MPRegen 0.17/turn

%: reflection, roll
@: flying, studying Ranged Weapons, drained
A: large, rugged brown scales 3, deformed body, armoured tail, roll, long
tongue, awkward tongue, talons 2, iridescent scales 1, mutation resistance 1
0: Orb of Zot
}: 3/15 runes: barnacled, silver, gossamer
a: Renounce Religion, Heroism, Finesse, Duel


You escaped.
You worshipped Okawaru.
Okawaru was extremely pleased with you.
You visited 11 branches of the dungeon, and saw 51 of its levels.
You visited the Abyss 1 time.
You visited 1 bazaar.
You also visited: Ossuary.

You collected 12071 gold pieces.
You spent 8891 gold pieces at shops.

Inventory:

Hand Weapons
 j - a +8 eveningstar of flaming (weapon)
 o - the +6 hand axe of Xom's Reproof {heavy, +Blink Int+4 Stlth+}
   (You took it off an orc on level 6 of the Dungeon)

   Int:       It affects your intelligence (+4).
   +Blink:    It lets you blink.
   Stlth:     It makes you more stealthy.
 M - the +6 morningstar of Vengeance {spect, rElec rF- rN+}
   (You found it on level 2 of the Crypt)

   rF:        It makes you vulnerable to fire.
   rElec:     It insulates you from electricity.
   rN:        It protects you from negative energy.
 V - a +9 demon whip of draining
Armour
 b - +0 gold dragon scales
 d - the +3 pair of gloves of Uska (worn) {rC+ Dex+3}
   (Okawaru gifted it to you on level 1 of the Vaults)

   Dex:       It affects your dexterity (+3).
   rC:        It protects you from cold.
 e - a +9 plate armour of willpower (worn)
 u - a +2 cloak of preservation (worn)
 A - the +1 helmet of Sankedgh {rN+ Regen+}
   (You bought it in a shop on level 4 of the Dungeon)

   rN:        It protects you from negative energy.
   Regen:     It increases your rate of health regeneration.
 K - the +2 shield of Resistance (worn) {rF++ rC++ Will++}
   (You found it on level 3 of the Vaults)

   rF:        It greatly protects you from fire.
   rC:        It greatly protects you from cold.
   Will:      It greatly increases your willpower.
 O - the +0 barding "Jeinnoank" {Rampage Will+ rCorr Stlth+}
   (Okawaru gifted it to you on level 2 of the Spider Nest)

   rCorr:     It protects you from acid and corrosion.
   Rampage:   It bestows one free step when moving towards enemies.
   Will:      It increases your willpower.
   Stlth:     It makes you more stealthy.
 T - the +4 barding of Twilight (worn) {rPois rF- Dex+6}
   (Okawaru gifted it to you on level 3 of the Vaults)

   Dex:       It affects your dexterity (+6).
   rF:        It makes you vulnerable to fire.
   rPois:     It protects you from poison.
Jewellery
 G - the ring "Meghy" (right hand) {rF+ rCorr MP-9 Str+3 Dex+4}
   (You found it on level 4 of the Vaults)

   [ring of protection from fire]

   Str:       It affects your strength (+3).
   Dex:       It affects your dexterity (+4).
   rF:        It protects you from fire.
   MP:        It affects your magic capacity (-9).
   rCorr:     It protects you from acid and corrosion.
 Q - the ring of the Clean God (left hand) {Fly rF+ rC+ Int-3 SInv}
   (You acquired it on level 13 of the Dungeon)

   [ring of protection from fire]

   Int:       It affects your intelligence (-3).
   rF:        It protects you from fire.
   rC:        It protects you from cold.
   SInv:      It lets you see invisible.
   Fly:       It grants you flight.
 U - an amulet of reflection (around neck)
 X - the ring "Toaps" {rElec rF- rCorr Int+6 Dex+6}
   (You acquired it in a bazaar)

   [ring of dexterity]

   Int:       It affects your intelligence (+6).
   Dex:       It affects your dexterity (+6).
   rF:        It makes you vulnerable to fire.
   rElec:     It insulates you from electricity.
   rCorr:     It protects you from acid and corrosion.
 Z - the ring "Atri" {Ice Contam rElec Int+3}
   (You took it off Josephina on level 3 of the Crypt)

   [ring of ice]

   It enhances your ice magic.
   Int:       It affects your intelligence (+3).
   rF:        It makes you vulnerable to fire.
   rC:        It protects you from cold.
   rElec:     It insulates you from electricity.
   Contam:    It causes magical contamination when unequipped.
Wands
 g - a wand of light (1)
 m - a wand of digging (43)
 w - a wand of polymorph (54)
 x - a wand of flame (75)
 y - a wand of roots (41)
 H - a wand of mindburst (11)
Scrolls
 i - 9 scrolls of poison
 p - 3 scrolls of brand weapon
 v - 4 scrolls of silence
 B - 18 scrolls of teleportation
 C - a scroll of amnesia
 F - 7 scrolls of fog
 I - 12 scrolls of fear
 L - 8 scrolls of magic mapping
 S - 21 scrolls of identify
 W - 5 scrolls of blinking
Potions
 a - 7 potions of flight
 c - a potion of brilliance
 f - 10 potions of ambrosia
 h - 3 potions of invisibility
 l - 16 potions of curing
 n - 2 potions of haste
 q - 5 potions of resistance
 r - 2 potions of mutation
 t - 5 potions of berserk rage
 z - 7 potions of lignification
 D - 4 potions of attraction
 J - 5 potions of might
 N - 7 potions of heal wounds
 R - a potion of magic
Miscellaneous
 k - a condenser vane
 s - a phial of floods


   Skills:
 O Level 27 Fighting
 - Level 0.6(9.5) Axes
 - Level 15.9(16.0) Maces & Flails
 O Level 27 Armour
 + Level 10.7 Dodging
 - Level 18.3 Shields
 - Level 10.0 Invocations
 - Level 20.0 Evocations


You had 25 spell levels left.
You didn't know any spells.
Your spell library contained the following spells:

 Spells                   Type           Power      Damage    Failure   Level
 Apportation              Tloc           0%         N/A       80%         1
 Foxfire                  Conj/Fire      0%         2x1d4     80%         1
 Kiss of Death            Conj/Necr      0%         2d5       80%         1
 Necrotise                Necr           0%         1d4       80%         1
 Sandblast                Erth           0%         2d4       80%         1
 Shock                    Conj/Air       0%         1d3       80%         1
 Slow                     Hex            0%         N/A       80%         1
 Cigotuvi's Dreadful Rot  Necr/Pois/Air  0%         N/A       91%         2
 Lesser Beckoning         Tloc           0%         N/A       91%         2
 Passwall                 Tmut/Erth      0%         N/A       91%         2
 Scorch                   Fire           0%         2d5       91%         2
 Static Discharge         Conj/Air       0%         2-2/arc   91%         2
 Sublimation of Blood     Necr           0%         N/A       91%         2
 Confusing Touch          Hex            0%         N/A       99%         3
 Dazzling Flash           Conj/Hex       0%         N/A       99%         3
 Gell's Gravitas          Tloc           0%         N/A       99%         3
 Ignite Poison            Fire/Tmut/Pois 0%         N/A       99%         3
 Inner Flame              Hex/Fire       0%         N/A       99%         3
 Mephitic Cloud           Conj/Pois/Air  0%         N/A       99%         3
 Ozocubu's Armour         Ice            0%         N/A       99%         3
 Portal Projectile        Hex/Tloc       0%         N/A       99%         3
 Stone Arrow              Conj/Erth      0%         3d7       99%         3
 Swiftness                Air            0%         N/A       99%         3
 Teleport Other           Tloc           0%         N/A       99%         3
 Vampiric Draining        Necr           0%         2d6       99%         3
 Vhi's Electric Charge    Tloc/Air       0%         N/A       99%         3
 Airstrike                Air            0%         2d(0-16)  100%        4
 Anguish                  Hex/Necr       0%         N/A       100%        4
 Cause Fear               Hex            0%         N/A       100%        4
 Dispel Undead            Necr           0%         3d6       100%        4
 Flame Wave               Conj/Fire      0%         2d4       100%        4
 Manifold Assault         Tloc           0%         N/A       100%        4
 Passage of Golubria      Tloc           0%         N/A       100%        4
 Petrify                  Tmut/Erth      0%         N/A       100%        4
 Sticky Flame             Conj/Fire      0%         2d3       100%        4
 Agony                    Necr           0%         N/A       100%        5
 Alistair's Intoxication  Tmut/Pois      0%         N/A       100%        5
 Arcjolt                  Conj/Air       0%         1d10      100%        5
 Blade Hands              Tmut           0%         N/A       100%        5
 Borgnjor's Vile Clutch   Necr/Erth      0%         N/A       100%        5
 Fireball                 Conj/Fire      0%         3d3       100%        5
 Freezing Cloud           Conj/Ice/Air   0%         6-21      100%        5
 Irradiate                Conj/Tmut      0%         3d11      100%        5
 Metabolic Englaciation   Hex/Ice        0%         N/A       100%        5
 Silence                  Hex/Air        0%         N/A       100%        5
 Yara's Violent Unravell  Hex/Tmut       0%         3d3       100%        5
 Conjure Ball Lightning   Conj/Air       0%         3x3d6     100%        6
 Dispersal                Tloc           0%         N/A       100%        6
 Eringya's Noxious Bog    Tmut/Pois      0%         N/A       100%        6
 Iron Shot                Conj/Erth      0%         9d1       100%        6
 Plasma Beam              Fire/Air       0%         2x1d11    100%        6
 Starburst                Conj/Fire      0%         6d3       100%        6
 Dragon Form              Tmut           0%         N/A       100%        7
 Enfeeble                 Hex            0%         N/A       100%        7
 Orb of Destruction       Conj           0%         9d5       100%        7
 Storm Form               Tmut/Air       0%         N/A       100%        7
 Borgnjor's Revivificati  Necr           0%         N/A       100%        8
 Disjunction              Tloc           0%         N/A       100%        8
 Maxwell's Capacitive Co  Air            0%         ∞         100%        8
 Necromutation            Tmut/Necr      0%         N/A       100%        8
 Chain Lightning          Conj/Air       0%         N/A       100%        9
 Fire Storm               Conj/Fire      0%         5d1       100%        9
 Shatter                  Erth           0%         3d5*      100%        9
 Summon Guardian Golem    Hex/Summ       Unusable   N/A       N/A         3
 Tukima's Dance           Hex            Unusable   N/A       N/A         3
 Animate Armour           Summ/Erth      Unusable   N/A       N/A         4
 Animate Dead             Necr           Unusable   N/A       N/A         4
 Summon Lightning Spire   Summ/Air       Unusable   N/A       N/A         4
 Summon Forest            Summ/Tloc      Unusable   N/A       N/A         5
 Death Channel            Necr           Unusable   N/A       N/A         6
 Simulacrum               Ice/Necr       Unusable   N/A       N/A         6
 Summon Cactus Giant      Summ           Unusable   N/A       N/A         6
 Spellforged Servitor     Conj/Summ      Unusable   N/A       N/A         7
 Summon Hydra             Summ           Unusable   N/A       N/A         7
 Dragon's Call            Summ           Unusable   N/A       N/A         9

Dungeon Overview and Level Annotations

Branches:
Dungeon (15/15)            Temple (1/1) D:6            Lair (5/5) D:11
 Shoals (4/4) Lair:2       Spider (4/4) Lair:2        Slime (0/5) Lair:5
    Orc (2/2) D:12            Elf (3/3) Orc:2        Vaults (5/5) D:13
  Crypt (3/3) Vaults:2       Tomb (0/3) Crypt:3      Depths (4/4) D:15
    Zot (5/5) Depths:4    Ossuary (visited)

Altars:
Ashenzari
Cheibriados
Dithmenos
Elyvilon
Fedhas
Gozag
Hepliaklqana
Kikubaaqudgha
Makhleb
Nemelex Xobeh
Okawaru
Qazlal
Ru
Sif Muna
Trog
Uskayaw
Vehumet
Wu Jian
Xom
Yredelemnul
Zin
The Shining One
Lugonu

Shops:
D:4 [[:   D:5 (   D:12 [   D:13 [*[?   Orc:2 !*=?   Elf:1 ::=   Elf:2 (
Elf:3 =   Shoals:1 [*   Vaults:1 (   Vaults:2 *   Vaults:4 *[*!*   Vaults:5 ??
Zot:5 *   Depths:1 ?

Portals:
Hell: Depths:1 Depths:2 Depths:3 Depths:4
Abyss: Lair:5 Depths:3
Pandemonium: Depths:1 Depths:2 Depths:3
Ziggurat: Depths:1

Annotations:
Crypt:1 exclusion: downstairs


Innate Abilities, Weirdness & Mutations

You are completely covered in rugged brown scales. (AC +3, +7% HP)
Armour fits poorly on your strangely shaped body.
You have a long armoured tail.
You roll when moving toward enemies. (Rampage)
Your long tongue fully drains potion bottles. (2x potion effects)
Your tongue gives you trouble enunciating. (1.5x scroll delay)
You have razor-sharp toenails.
You are partially covered in iridescent scales. (AC +2)
You are somewhat resistant to further mutation.


Message History

The Executioner barely misses you. You block the Executioner's attack. x2
There is a stone staircase leading up here.
The Executioner hits you. You block the Executioner's attack. x2
You fly upwards.
There is a stone staircase leading down here.
You closely miss the Executioner.
Your tail-slap misses the Executioner.
You block the Executioner's attack. x2
The Executioner hits you but does no damage.
The Executioner closely misses you.
The Executioner hits you but does no damage. x2
You hit the Executioner.
The Executioner is lightly wounded.
You block the Executioner's attack. x2; The Executioner closely misses you.
You impale the Executioner!! You burn the Executioner.
The Executioner is heavily wounded.
You block the Executioner's attack. x4
The Executioner hits you but does no damage. x2
You impale the Executioner!! You burn the Executioner.
You kill the Executioner!
Okawaru accepts your kill.
No target in view!
(D) Dungeon (T) Temple (L) Lair (A) Shoals (N) Spider Nest (M) Slime Pits (O) Orcish Mines (E) Elven Halls (V) Vaults (C) Crypt (W) Tomb (U) Depths (H) Hell (Z) Zot
Where to? (Enter - D:1 @ (x,y), ? - help)
Okay, then.
(D) Dungeon (T) Temple (L) Lair (A) Shoals (N) Spider Nest (M) Slime Pits (O) Orcish Mines (E) Elven Halls (V) Vaults (C) Crypt (W) Tomb (U) Depths (H) Hell (Z) Zot
Where to? (Enter - D:1 @ (x,y), ? - help)
Your extra speed is starting to run out.
HP restored.
You feel yourself slow down.
You see here a hobgoblin skeleton.
There is an open door here.
There is a staircase leading out of the dungeon here.
You can't go down here!
You have escaped!

### ###@### #.#.#>#
######
♣.....♣########.....
#≈♣...♣≈##...........
#≈≈♣.♣~≈##.#####.....
#≈≈♣.♣≈≈#......##.###
##≈♣.♣≈##.......#.# #
########'####.......#.###
#.........÷.........#.##.


There were no monsters in sight!

Vanquished Creatures
  3 ancient liches
  5 dread liches
  12 orbs of fire
  Josephina (Crypt:3)
  A royal mummy (Crypt:3)
  3 Killer Klowns (Zot:5)
  Frederick (Vaults:5)
  4 curse toes (Zot:3)
  6 golden dragons
  A bone dragon (Depths:4)
  Mlioglotl (Lair:2)
  4 electric golems
  15 tentacled monstrosities
  26 Orb Guardians
  4 deep elf blademasters
  6 liches
  4 deep elf master archers (Elf:3)
  5 titans (Vaults:5)
  6 quicksilver dragons
  An Executioner (D:1)
  5 death cobs
  14 sphinxes
  12 ancient champions
  A tentacled starspawn (Abyss:1)
  The ghost of Amikeex the Brawler, an adept TrMo of Nemelex Xobeh (Depths:1)
  The ghost of Barug the Brawler, an adept TrMo of Nemelex Xobeh (Depths:2)
  7 tengu reavers
  14 shadow dragons
  10 storm dragons
  9 fire giants
  5 draconian monks
  7 revenants
  10 draconian knights
  9 frost giants
  9 deep elf sorcerers
  An iron dragon (Vaults:5)
  3 emperor scorpions
  2 caustic shrike zombies
  19 vault wardens
  4 draconian shifters
  5 deep elf elementalists
  A spectral caustic shrike (Depths:1)
  6 ghost moths
  A spectral juggernaut (Depths:1)
  2 draconian stormcallers
  5 draconian scorchers
  A spriggan defender (Depths:2)
  2 orc warlords
  2 juggernaut zombies
  3 ghouls (Crypt:3)
  A caustic shrike skeleton (Crypt:2)
  4 draconian annihilators
  16 ironbound preservers
  A curse skull (Crypt:3)
  21 stone giants
  3 broodmothers
  13 very ugly things
  13 green draconians
  5 war gargoyles
  8 white draconians
  9 vampire knights
  2 deep elf demonologists
  7 ironbound thunderhulks
  11 purple draconians
  The ghost of Odimp the Protected, a journeyman KoWn of Wu Jian (Lair:4)
  11 yellow draconians
  4 black draconians
  Azrael (D:15)
  16 dire elephants
  4 spark wasps
  12 deep elf annihilators
  11 red draconians
  4 eidola
  2 merfolk javelineers
  11 ettins
  5 deep elf death magi
  3 crystal guardians
  2 mummy priests (Crypt:3)
  15 jiangshi
  5 fire dragons
  10 merfolk impalers
  A green death (Depths:1)
  8 great orbs of eyes
  6 entropy weavers
  7 deep elf high priests
  A quicksilver dragon skeleton (Crypt:2)
  A spectral tengu (Depths:1)
  A spriggan zombie (Crypt:3)
  18 yaktaur captains
  5 rakshasas
  9 ice dragons
  40 vault guards
  A hell beast (D:4)
  4 spriggan air magi
  6 ironbound frosthearts
  A caustic shrike simulacrum (Depths:1)
  2 radroaches
  4 ogre magi
  9 hydras
  A spectral shadow dragon (Depths:1)
  6 peacekeepers
  3 merfolk avatars
  2 spriggan skeletons (Crypt:3)
  9 centaur warriors
  5 merfolk aquamancers
  3 death knights
  An alligator snapping turtle (Shoals:3)
  15 boulder beetles
  An Orb Guardian skeleton (Crypt:3)
  2 satyrs
  4 death yaks (Lair:3)
  4 deep troll earth magi
  8 deep troll shamans
  8 tengu warriors
  13 two-headed ogres
  25 dancing weapons
  A catoblepas (D:15)
  10 vampire magi
  2 spriggan berserkers
  3 thrashing horrors (Lair:5)
  Urug (D:13)
  6 orc high priests
  Sonja (Lair:5)
  4 soul eaters
  5 skysharks
  19 deep elf knights
  2 sixfirhies
  A titan skeleton (Crypt:3)
  2 shadow wraiths
  17 hell knights
  2 sun moths (Spider:4)
  35 skeletal warriors
  4 iron trolls
  7 pharaoh ants
  Lodul (D:12)
  A skyshark (shapeshifter) (Vaults:5)
  48 deep trolls
  13 sea snakes
  11 orb spiders
  A glowing orange brain (Vaults:3)
  4 flayed ghosts
  13 deep elf archers
  15 ironbound convokers
  12 lindwurms
  7 wizards
  Pikel (D:8)
  2 bog bodies (Crypt:3)
  15 phantasmal warriors
  7 steelbarb worms
  7 orc knights
  A fenstrider witch simulacrum (Crypt:2)
  36 deep elf pyromancers
  26 deep elf zephyrmancers
  A golden dragon skeleton (Crypt:2)
  17 harpies
  8 cyclopes
  62 ugly things
  12 necromancers
  6 orc sorcerers
  13 manticores
  A worldbinder (Abyss:1)
  A stone giant zombie (Crypt:3)
  17 wolf spiders
  22 fauns
  Maurice (D:8)
  A centaur zombie (Crypt:3)
  2 moths of wrath (shapeshifter)
  14 moths of wrath
  A shadow dragon skeleton (Crypt:2)
  5 rust devils
  A salamander (D:15)
  2 stone giant skeletons
  4 elephants (Lair:4)
  A sphinx skeleton (Vaults:2)
  A guardian serpent (shapeshifter) (Vaults:4)
  5 black mambas
  A frost giant skeleton (Vaults:2)
  An eye of devastation (shapeshifter) (Vaults:5)
  5 torpor snails
  2 gargoyles
  6 water nymphs
  10 cane toads
  3 smoke demons (Lair:5)
  20 vault sentinels
  8 demonic crawlers
  11 merfolk sirens
  An unseen horror (D:12)
  An efreet (D:12)
  5 orange demons
  2 komodo dragons
  A purple draconian zombie (Crypt:2)
  2 rime drakes
  7 freezing wraiths
  4 kobold demonologists
  2 tormentors
  4 elf skeletons (Vaults:2)
  38 yaktaurs
  2 black draconian skeletons
  3 ancient zymes
  3 tengu conjurers
  A human skeleton (Vaults:2)
  2 red devils
  2 yaktaur skeletons (Vaults:2)
  2 guardian mummies
  A harpy zombie (Crypt:3)
  A spectral glowing shapeshifter (Depths:1)
  A troll (shapeshifter) (D:13)
  A queen bee (Lair:4)
  12 meliai
  7 wind drakes
  4 trolls
  7 polar bears
  The ghost of MissSlay the Gouger, a novice FeBe of Trog (D:6)
  A hellwing (Depths:1)
  A tengu simulacrum (Depths:1)
  10 hornets
  2 hydra skeletons
  A hornet (shapeshifter) (D:12)
  8 merfolk
  Prince Ribbit (D:8)
  25 tarantellas
  A great orb of eyes zombie (Crypt:2)
  8 snapping turtles
  13 dream sheep
  39 slime creatures
  24 blink frogs
  9 flying skulls
  11 culicivoras
  23 jumping spiders
  2 ynoxinuls
  4 air elementals (Elf:3)
  2 shadows
  3 centaur simulacra
  2 spriggans (Depths:4)
  An ettin skeleton (Vaults:2)
  16 water elementals
  4 large abominations
  5 wraiths
  2 wyverns (D:7)
  6 fire elementals
  3 naga simulacra
  13 basilisks
  16 yaks
  3 ushabtiu (Crypt:3)
  A hog (shapeshifter) (Lair:5)
  5 neqoxecs
  Grum (D:11)
  A chaos spawn (Lair:5)
  2 steam dragons
  A basilisk (shapeshifter) (Vaults:5)
  2 fire bats (Abyss:1)
  38 redbacks
  6 wargs
  19 vampire mosquitoes
  Menkaure (D:7)
  5 acid dragons
  A swamp worm (shapeshifter) (Vaults:5)
  Duvessa (D:4)
  A faun zombie (Crypt:2)
  5 hell hounds (D:15)
  An entropy weaver zombie (Crypt:1)
  2 floating eyes
  A floating eye (shapeshifter) (Vaults:5)
  10 water moccasins
  A hydra simulacrum (Crypt:3)
  3 ice beasts
  2 black bears
  2 glowing shapeshifter skeletons (Vaults:2)
  A naga skeleton (Crypt:1)
  33 orc warriors
  A black mamba simulacrum (Crypt:3)
  A boggart (D:12)
  33 wolves
  6 centaurs
  12 starcursed masses (Abyss:1)
  14 ogres
  A lemure (D:8)
  A phantom (D:5)
  15 small abominations
  12 bullfrogs
  3 elf zombies (Ossuary)
  A necrophage (D:8)
  A hog skeleton (Crypt:1)
  5 kobold brigands
  A rime drake skeleton (Crypt:3)
  A salamander skeleton (Crypt:3)
  4 earth elementals
  3 scorpions (D:6)
  2 gnoll sergeants
  A polar bear zombie (Crypt:2)
  6 wights
  Dowan (D:4)
  A raiju zombie (Crypt:1)
  19 killer bees
  A polar bear skeleton (Crypt:3)
  6 howler monkeys
  6 electric eels
  A wolf zombie (Crypt:2)
  A black bear zombie (Crypt:3)
  An iron imp (Abyss:1)
  4 hounds
  3 human zombies (Ossuary)
  A gnoll bouda (D:9)
  34 orc priests
  13 jellies (Lair:5)
  2 centaur skeletons (Crypt:3)
  2 sleepcaps
  2 basilisk skeletons
  4 iguanas
  36 orc wizards
  An ogre zombie (Crypt:1)
  A sky beast zombie (Crypt:1)
  A tengu skeleton (Crypt:1)
  A hound skeleton (D:8)
  3 mummies
  14 gnolls
  6 adders
  A shadow imp (D:8)
  4 white imps
  An adder zombie (Ossuary)
  3 dart slugs
  66 orcs
  3 ball pythons
  6 bats
  8 endoplasms
  4 giant cockroaches
  9 goblins
  4 hobgoblins
  4 jackals (D:1)
  10 kobolds
  3 quokkas
  A frilled lizard (D:2)
  A goblin zombie (Ossuary)
  A hobgoblin skeleton (Crypt:3)
  9 hobgoblin zombies
  12 kobold zombies (Ossuary)
  8 orc zombies (Ossuary)
  5 rats
  2 rat zombies (Ossuary)
  A fire vortex (Depths:1)
2330 creatures vanquished.

Vanquished Creatures (collateral kills)
  A howler monkey (D:7)
1 creature vanquished.

Vanquished Creatures (others)
  A fire giant (Depths:4)
  A deep elf elementalist (Elf:3)
  A draconian annihilator (Zot:3)
  A fire dragon (Depths:4)
  A satyr (Shoals:4)
  A thrashing horror (Abyss:1)
  A wizard (Vaults:2)
  2 deep elf pyromancers
  A smoke demon (Abyss:1)
  6 starspawn tentacles (Abyss:1)
16 creatures vanquished.

Grand Total: 2347 creatures vanquished

Notes
Turn   | Place    | Note
-------+----------+-------------------------------------------
     0 | D:1      | diecastcamel the Armataur Fighter began the quest for the
                  | Orb.
     0 | D:1      | Reached XP level 1. HP: 19/19 MP: 1/1
   548 | D:1      | Upgraded the game from 0.30.0-18-gc0e69614cb to
                  | 0.30.0-19-g36f170ea60
   581 | D:1      | Reached XP level 2. HP: 26/26 MP: 2/2
   986 | D:1      | Found a faded altar of an unknown god.
  1345 | D:2      | Reached XP level 3. HP: 32/32 MP: 3/3
  1411 | D:2      | Identified the +2 robe of Omission {rC+ Dex+2}
  2120 | D:3      | Reached XP level 4. HP: 39/39 MP: 4/4
  2165 | D:3      | Upgraded the game from 0.30.0-19-g36f170ea60 to
                  | 0.30.0-20-g3b4254fcbd
  2190 | D:3      | Got the Compendium of Postmortem Immolation
  2772 | D:4      | Noticed Duvessa
  2773 | D:4      | Upgraded the game from 0.30.0-20-g3b4254fcbd to
                  | 0.30.0-29-ga12c61a403
  2785 | D:4      | Killed Duvessa
  2786 | D:4      | Reached skill level 5 in Maces & Flails
  2786 | D:4      | Reached XP level 5. HP: 28/44 MP: 5/5
  2791 | D:4      | Noticed Dowan
  2795 | D:4      | Killed Dowan
  3096 | D:4      | Found Fimoh's Book Shop.
  3130 | D:4      | Reached XP level 6. HP: 49/53 MP: 6/6
  3312 | D:4      | Found Xific's Armour Shop.
  3693 | D:4      | Found Hell's Antique Armour Boutique.
  3843 | D:5      | Entered Level 5 of the Dungeon
  4121 | D:5      | Found Uran's Weapon Boutique.
  4271 | D:5      | Reached XP level 7. HP: 60/60 MP: 7/7
  4368 | D:5      | Reached skill level 1 in Evocations
  5055 | D:4      | Bought a glimmering helmet for 247 gold pieces
  5055 | D:4      | Identified the +1 helmet of Sankedgh {rN+ Regen+} (You
                  | bought it in a shop on level 4 of the Dungeon)
  5116 | D:6      | Found a runed translucent gate.
  5116 | D:6      | Found a runed translucent gate.
  5116 | D:6      | Noticed MissSlay's ghost (novice FeBe)
  5130 | D:6      | Found a runed translucent gate.
  5161 | D:5      | Reached skill level 5 in Armour
  5311 | D:6      | Reached XP level 8. HP: 70/70 MP: 8/8
  5326 | D:6      | Found a staircase to the Ecumenical Temple.
  5341 | Temple   | Entered the Ecumenical Temple
  5629 | Temple   | Became a worshipper of Warmaster Okawaru
  6006 | D:6      | Identified the +6 hand axe of Xom's Reproof {heavy, +Blink
                  | Int+4 Stlth+}
  6265 | D:6      | Reached * piety under Okawaru
  6930 | D:7      | Noticed Menkaure
  6935 | D:7      | Killed Menkaure
  6990 | D:7      | Found a sand-covered staircase.
  6996 | Ossuary  | Entered an ossuary
  7242 | Ossuary  | Reached XP level 9. HP: 78/78 MP: 6/9
  7358 | Ossuary  | Reached skill level 5 in Fighting
  7870 | D:7      | Noticed a two-headed ogre
  7885 | D:7      | Killed a two-headed ogre
  7885 | D:7      | Reached ** piety under Okawaru
  8736 | D:8      | Reached XP level 10. HP: 88/88 MP: 10/10
  8881 | D:8      | Noticed Maurice
  8942 | D:8      | Killed Maurice
  8942 | D:8      | Reached *** piety under Okawaru
  8943 | D:8      | Reached skill level 10 in Maces & Flails
  9163 | D:8      | Noticed Pikel
  9186 | D:8      | Killed Pikel
  9404 | D:8      | Noticed Prince Ribbit
  9412 | D:8      | Killed Prince Ribbit
  9469 | D:8      | Found a burning altar of Makhleb.
  9734 | D:9      | Reached skill level 1 in Invocations
  9742 | D:9      | Reached **** piety under Okawaru
  9794 | D:9      | Paralysed by a hornet for 2 turns
 10392 | D:9      | Reached skill level 5 in Shields
 10454 | D:9      | Noticed a two-headed ogre
 10471 | D:9      | Killed a two-headed ogre
 10472 | D:9      | Reached XP level 11. HP: 35/98 MP: 11/13
 10623 | D:10     | Entered Level 10 of the Dungeon
 11042 | D:10     | Reached ***** piety under Okawaru
 11592 | D:10     | Reached skill level 10 in Armour
 11627 | D:11     | Noticed a two-headed ogre
 11638 | D:11     | Killed a two-headed ogre
 11705 | D:11     | Noticed a two-headed ogre
 11724 | D:11     | Killed a two-headed ogre
 11738 | D:11     | Found a staircase to the Lair.
 11825 | D:11     | Identified the +7 great sword "Vicuan" {heavy, Stlth+}
 12204 | D:11     | Noticed a two-headed ogre
 12227 | D:11     | Killed a two-headed ogre
 12274 | D:11     | Noticed a red ugly thing
 12295 | D:11     | Killed a red ugly thing
 12404 | D:11     | Received a gift from Okawaru
 12532 | D:11     | Noticed Grum
 12541 | D:11     | Killed Grum
 12727 | Lair:1   | Entered Level 1 of the Lair of Beasts
 12861 | Lair:1   | Reached XP level 12. HP: 97/110 MP: 15/15
 12916 | Lair:1   | HP: 5/110 [poisoned by a cane toad]
 12921 | Lair:1   | HP: 4/110 [poisoned by a cane toad]
 13240 | Lair:1   | Received a gift from Okawaru
 13784 | Lair:2   | Noticed a seven-headed hydra
 13798 | Lair:2   | Killed a seven-headed hydra
 13882 | Lair:2   | Noticed a five-headed hydra
 13893 | Lair:2   | Killed a five-headed hydra
 13916 | Lair:2   | Reached skill level 5 in Evocations
 14202 | Lair:2   | Found a staircase to the Shoals.
 14348 | Lair:2   | Found a hole to the Spider Nest.
 14992 | Lair:3   | Noticed an eight-headed hydra
 15007 | Lair:3   | Killed an eight-headed hydra
 15207 | Lair:3   | Found a radiant altar of Vehumet.
 15236 | Lair:3   | Noticed a death yak
 15271 | Lair:3   | Killed a death yak
 15355 | Lair:3   | Reached skill level 5 in Invocations
 15599 | Lair:3   | Noticed a death yak
 15606 | Lair:3   | Noticed a death yak
 15620 | Lair:3   | Noticed a death yak
 15629 | Lair:3   | Killed a death yak
 15629 | Lair:3   | Received a gift from Okawaru
 15630 | Lair:3   | Reached XP level 13. HP: 119/119 MP: 14/16
 16573 | Lair:4   | Reached skill level 10 in Fighting
 16791 | Lair:4   | Noticed Odimp's ghost (journeyman KoWn)
 17232 | Lair:4   | Reached ****** piety under Okawaru
 17272 | Lair:4   | Found a transporter.
 17274 | Lair:4   | Found a transporter.
 17472 | Lair:5   | Entered Level 5 of the Lair of Beasts
 18047 | Lair:5   | Reached skill level 10 in Shields
 18064 | Lair:5   | Identified the +0 robe "Aphomoer" {Rampage Int+4 Slay-5
                  | Stlth+} (Okawaru gifted it to you on level 5 of the Lair of
                  | Beasts)
 18064 | Lair:5   | Received a gift from Okawaru
 18151 | Lair:5   | Found a staircase to the Slime Pits.
 19274 | Lair:5   | Reached XP level 14. HP: 103/130 MP: 14/19
 19580 | Lair:5   | Noticed Sonja
 19630 | Lair:5   | Found a corrupted altar of Lugonu.
 19630 | Lair:5   | Found a one-way gate to the infinite horrors of the Abyss.
 20110 | D:12     | Noticed a tengu reaver
 20121 | D:12     | Killed a tengu reaver
 20608 | D:12     | Found a staircase to the Orcish Mines.
 20608 | D:12     | Found Weomosm's Armour Shop.
 20704 | D:12     | Identified the +8 lajatang of Due Proportion {holy, rElec
                  | rF++ Str-2 Int+3}
 20883 | D:12     | Received a gift from Okawaru
 20951 | D:12     | Noticed Lodul
 20959 | D:12     | Killed Lodul
 21566 | D:12     | Found a broken altar of Ashenzari.
 21881 | Orc:1    | Entered Level 1 of the Orcish Mines
 21881 | Orc:1    | You fall into a shaft and drop 1 floor!
 21881 | Orc:2    | Entered Level 2 of the Orcish Mines
 22253 | Orc:1    | Identified the +0 barding of the Buccaneer {Harm rC+
                  | Slay+2} (Okawaru gifted it to you on level 1 of the Orcish
                  | Mines)
 22253 | Orc:1    | Received a gift from Okawaru
 22441 | Orc:2    | Found a staircase to the Elven Halls.
 22903 | Orc:2    | Reached skill level 15 in Armour
 23473 | Abyss:1  | Cast into level 1 of the Abyss (orc)
 23474 | Abyss:1  | Found a corrupted altar of Lugonu.
 23493 | Abyss:1  | Found a corrupted altar of Lugonu.
 23566 | Abyss:1  | Gained mutation: You sometimes lose your temper in combat.
                  | [a neqoxec]
 23573 | Abyss:1  | Gained mutation: You are agile. (Dex +4, Str/Int -1) [a
                  | neqoxec]
 23574 | Abyss:1  | Gained mutation: You are weak. (Str -2) [a neqoxec]
 23588 | Abyss:1  | Lost mutation: You are agile. (Dex +4, Str/Int -1) [a
                  | neqoxec]
 23627 | Abyss:1  | Noticed a bone dragon
 23637 | Abyss:1  | Noticed an ophan
 23839 | Abyss:1  | Found a corrupted altar of Lugonu.
 23848 | Abyss:1  | Noticed a tentacled starspawn
 23853 | Abyss:1  | Killed a tentacled starspawn
 23854 | Abyss:1  | Reached XP level 15. HP: 109/141 MP: 16/21
 23863 | Abyss:1  | Lost intelligence.
 23982 | Abyss:1  | Noticed an Executioner
 24008 | Abyss:1  | Found a corrupted altar of Lugonu.
 24021 | Abyss:1  | Gained mutation: You occasionally shout uncontrollably at
                  | your foes. [a neqoxec]
 24025 | Abyss:1  | Gained mutation: You are frail. (-10% HP) [a cacodemon]
 24050 | Abyss:1  | Found a corrupted altar of Lugonu.
 24058 | Abyss:1  | Found a corrupted altar of Lugonu.
 24058 | Abyss:1  | Found a corrupted altar of Lugonu.
 24067 | Abyss:1  | Lost intelligence.
 24095 | Abyss:1  | Gained mutation: Your spells are a little easier to cast,
                  | but a little less powerful. [a neqoxec]
 24199 | Abyss:1  | Noticed a lich
 24203 | Abyss:1  | Noticed a tentacled starspawn
 24259 | Abyss:1  | Found a corrupted altar of Lugonu.
 24271 | Orc:2    | Escaped the Abyss
 24377 | Orc:2    | Found Keytuwnu's Assorted Antiques.
 24377 | Orc:2    | Found Recrib's Distillery.
 24378 | Orc:2    | Found Gugeha's Jewellery Boutique.
 24382 | Orc:2    | Found Reifioh's Magic Scroll Boutique.
 24551 | Orc:2    | Bought a scroll of identify for 46 gold pieces
 24551 | Orc:2    | Bought a scroll of identify for 46 gold pieces
 24555 | Orc:2    | Bought a scroll of acquirement for 936 gold pieces
 24555 | Orc:2    | Acquired 932 gold pieces
 24557 | Orc:2    | Bought a scroll of identify for 36 gold pieces
 24557 | Orc:2    | Bought a scroll of identify for 36 gold pieces
 24557 | Orc:2    | Bought a scroll of identify for 36 gold pieces
 24565 | Orc:2    | Bought the ring "Teuss" {rPois rC+ Dex+4} for 713 gold
                  | pieces
 24569 | Orc:2    | Bought a potion of heal wounds for 50 gold pieces
 24569 | Orc:2    | Bought 2 potions of heal wounds for 100 gold pieces
 24571 | Orc:2    | Bought a scroll of teleportation for 54 gold pieces
 24571 | Orc:2    | Bought a scroll of teleportation for 54 gold pieces
 24574 | Orc:2    | Bought a blackened lead wand for 92 gold pieces
 24577 | Orc:2    | Bought a potion of might for 40 gold pieces
 24744 | D:12     | Bought a +2 cloak of preservation for 344 gold pieces
 24761 | D:12     | Bought a +0 buckler of protection for 184 gold pieces
 24999 | D:13     | Noticed Urug
 25016 | D:13     | Killed Urug
 25150 | D:13     | Found a gate to the Vaults.
 25244 | D:13     | Found Icvux's Assorted Antiques.
 25273 | D:13     | Acquired an amulet of reflection
 25285 | D:13     | Acquired a +5 demon whip of draining
 25289 | D:13     | Acquired the ring of the Clean God {Fly rF+ rC+ Int-3 SInv}
 25455 | D:13     | Found Siyreep's Armour Emporium.
 25597 | D:13     | Found Isinoeg's Antique Armour Shoppe.
 25600 | D:13     | Bought a glowing kite shield for 157 gold pieces
 25612 | D:13     | Bought a glowing chain mail for 157 gold pieces
 25623 | D:13     | Bought an embroidered cloak for 157 gold pieces
 25642 | D:13     | Found Paisoar's Magic Scroll Shop.
 25727 | D:13     | Identified the +0 barding of the Pink Corner {MP+9 Int+4
                  | SInv} (Okawaru gifted it to you on level 13 of the Dungeon)
 25727 | D:13     | Received a gift from Okawaru
 26265 | D:14     | Found a stormy altar of Qazlal.
 26329 | D:13     | Lost mutation: You occasionally shout uncontrollably at
                  | your foes. [potion of mutation]
 26329 | D:13     | Lost mutation: Your spells are a little easier to cast, but
                  | a little less powerful. [potion of mutation]
 26329 | D:13     | Lost mutation: You are weak. (Str -2) [potion of mutation]
 26329 | D:13     | Lost mutation: You are frail. (-10% HP) [potion of
                  | mutation]
 26329 | D:13     | Gained mutation: Your spells are a little easier to cast,
                  | but a little less powerful. [potion of mutation]
 26329 | D:13     | Gained mutation: Your muscles are strong. (Str +4, Int/Dex
                  | -1) [potion of mutation]
 26329 | D:13     | Lost mutation: Your spells are a little easier to cast, but
                  | a little less powerful. [potion of mutation]
 26330 | D:13     | Lost mutation: You sometimes lose your temper in combat.
                  | [potion of mutation]
 26330 | D:13     | Lost mutation: Your muscles are strong. (Str +4, Int/Dex
                  | -1) [potion of mutation]
 26330 | D:13     | Gained mutation: You are clumsy. (Dex -2) [potion of
                  | mutation]
 26330 | D:13     | Gained mutation: Your flesh is heat resistant. (rF+)
                  | [potion of mutation]
 26330 | D:13     | Gained mutation: You passively dampen the noise of your
                  | surroundings. [potion of mutation]
 26721 | D:15     | Entered Level 15 of the Dungeon
 26932 | D:15     | Noticed Azrael
 26947 | D:15     | Killed Azrael
 26947 | D:15     | Identified the +5 scale mail of Durable Mirth {-Tele rElec
                  | Will+} (Okawaru gifted it to you on level 15 of the
                  | Dungeon)
 26947 | D:15     | Received a gift from Okawaru
 27088 | D:15     | Reached XP level 16. HP: 153/153 MP: 22/22
 27095 | D:15     | Found a staircase to the Depths.
 27464 | Spider:1 | Entered Level 1 of the Spider Nest
 28361 | Spider:1 | Identified the +5 flail of Severance {drain, Will+ Str+2
                  | Dex+2 Stlth+}
 29427 | Spider:2 | Identified the +0 barding "Jeinnoank" {Rampage Will+ rCorr
                  | Stlth+} (Okawaru gifted it to you on level 2 of the Spider
                  | Nest)
 29427 | Spider:2 | Received a gift from Okawaru
 31417 | Shoals:1 | Entered Level 1 of the Shoals
 31422 | Shoals:1 | Noticed Mlioglotl
 31426 | Shoals:1 | Noticed a bone dragon
 31455 | Lair:2   | Killed Mlioglotl
 31544 | Shoals:1 | Found Zyxow's Assorted Antiques.
 31756 | Shoals:1 | Reached XP level 17. HP: 159/162 MP: 23/23
 31927 | Shoals:1 | Identified the -1 barding of Toeradd {Str+2} (Okawaru
                  | gifted it to you on level 1 of the Shoals)
 31927 | Shoals:1 | Received a gift from Okawaru
 31936 | Shoals:1 | Found Kijinnoa's Armour Emporium.
 32235 | Shoals:1 | Acquired 836 gold pieces
 32617 | D:13     | Bought a condenser vane for 1280 gold pieces
 33698 | Shoals:3 | Found a runed translucent door.
 34556 | Shoals:4 | Entered Level 4 of the Shoals
 34579 | Shoals:4 | Reached skill level 10 in Evocations
 34581 | Shoals:4 | Reached skill level 15 in Fighting
 34645 | Shoals:4 | Received a gift from Okawaru
 34648 | Shoals:4 | Identified the +6 arbalest of the Sage {penet, Dex+4}
 35022 | Shoals:3 | Received a gift from Okawaru
 35365 | Shoals:4 | Identified the +1 chain mail of Time Monsters {Rampage}
 35816 | Shoals:4 | Got a barnacled rune of Zot
 35994 | Spider:4 | Entered Level 4 of the Spider Nest
 36535 | Spider:4 | Received a gift from Okawaru
 36536 | Spider:4 | Reached XP level 18. HP: 124/174 MP: 25/25
 37247 | Spider:4 | Got a gossamer rune of Zot
 37493 | Elf:1    | Entered Level 1 of the Elven Halls
 37780 | Elf:1    | Found Vawavaap's Jewellery Emporium.
 37781 | Elf:1    | Found Ybant's Book Shop.
 37781 | Elf:1    | Found Ichydad's Book Shop.
 38086 | Elf:1    | Received a gift from Okawaru
 38198 | Elf:1    | Upgraded the game from 0.30.0-29-ga12c61a403 to
                  | 0.30.0-30-g96aa6591b8
 39043 | Elf:2    | Identified the +0 ring mail of Nikhoote {Fly rPois Str+4}
                  | (Okawaru gifted it to you on level 2 of the Elven Halls)
 39043 | Elf:2    | Received a gift from Okawaru
 39250 | Elf:2    | Found Wixa's Antique Weapon Shop.
 39277 | Elf:2    | Bought a crystal great mace for 414 gold pieces
 39277 | Elf:2    | Identified the +1 great mace of Thoughtfulness {freeze, rC+
                  | Will+ rCorr} (You bought it in a shop on level 2 of the
                  | Elven Halls)
 39422 | Elf:2    | Found a runed translucent gate.
 39423 | Elf:2    | Found a runed translucent gate.
 39423 | Elf:2    | Found a runed translucent gate.
 39541 | Elf:2    | Reached XP level 19. HP: 129/186 MP: 26/26
 40183 | Elf:3    | Entered Level 3 of the Elven Halls
 40227 | Elf:3    | Reached skill level 15 in Maces & Flails
 40272 | Elf:3    | Paralysed by an air elemental for 1 turns
 40276 | Elf:3    | Paralysed by an air elemental for 1 turns
 40281 | Elf:3    | Paralysed by an air elemental for 1 turns
 40305 | Elf:3    | Found Biun Mie's Jewellery Shop.
 40314 | Elf:3    | Paralysed by an air elemental for 1 turns
 41077 | Elf:3    | Paralysed by an air elemental for 1 turns
 41168 | Elf:3    | Identified the amulet of Zeroes {Spirit Fly rPois rF-
                  | Int+7}
 41178 | Elf:3    | Identified the +1 dire flail of the Warrior-Mage {freeze,
                  | Dex+5 Stlth+} (Okawaru gifted it to you on level 3 of the
                  | Elven Halls)
 41178 | Elf:3    | Received a gift from Okawaru
 41377 | Elf:3    | Identified the +0 great sword of Hatred {heavy, rF+ Int+3}
 41455 | Elf:3    | Identified the +2 rapier of Harmony {protect, rPois rF+}
 41768 | Elf:3    | Got the Verses on the Zephyr and the Volcano
 41966 | Elf:3    | Identified the +5 scale mail of Modesty {rPois rF+ Int-5
                  | Dex+3}
 42355 | Shoals:1 | Bought a +3 plate armour of willpower for 585 gold pieces
 42522 | Vaults:1 | Entered Level 1 of the Vaults
 42611 | Vaults:1 | Identified the +3 pair of gloves of Uska {rC+ Dex+3}
                  | (Okawaru gifted it to you on level 1 of the Vaults)
 42611 | Vaults:1 | Received a gift from Okawaru
 42707 | Vaults:1 | Found Wipp's Weapon Shoppe.
 43301 | Vaults:1 | Noticed an ancient lich
 43325 | Vaults:1 | Killed an ancient lich
 43357 | Vaults:1 | Reached XP level 20. HP: 196/196 MP: 27/27
 45059 | Vaults:2 | Identified the +5 scale mail "Fuuneuwn" {Rampage *Slow
                  | Dex+7} (Okawaru gifted it to you on level 2 of the Vaults)
 45059 | Vaults:2 | Received a gift from Okawaru
 45157 | Vaults:2 | Found a staircase to the Crypt.
 45448 | Vaults:2 | Found Tafoubil's Assorted Antiques.
 45456 | Vaults:2 | Bought a potion of heal wounds for 235 gold pieces
 45456 | Vaults:2 | Bought a wand of light (2) for 394 gold pieces
 45660 | Vaults:2 | Reached skill level 15 in Evocations
 46276 | Vaults:3 | Found the +2 shield of Resistance {rF++ rC++ Will++}
 46596 | Vaults:3 | Reached skill level 15 in Shields
 46698 | Vaults:3 | Identified the +4 barding of Twilight {rPois rF- Dex+6}
                  | (Okawaru gifted it to you on level 3 of the Vaults)
 46698 | Vaults:3 | Received a gift from Okawaru
 47331 | Vaults:4 | Reached XP level 21. HP: 203/208 MP: 28/28
 47887 | Vaults:4 | Reached skill level 10 in Invocations
 47965 | Vaults:4 | Found Xaumimo's General Store.
 47969 | Vaults:4 | Bought a wand of roots (2) for 62 gold pieces
 47973 | Vaults:4 | Found Zobeam's Assorted Antiques.
 47980 | Vaults:4 | Bought a shiny plate armour for 1248 gold pieces
 48023 | Vaults:4 | Identified the +1 arbalest of Anger {heavy, rElec rC+ Str+3
                  | Stlth+}
 48117 | Vaults:4 | Found Xodek's Distillery.
 48315 | Vaults:4 | Identified the +1 barding "Rokaoss" {Str-5 Int+5} (Okawaru
                  | gifted it to you on level 4 of the Vaults)
 48315 | Vaults:4 | Received a gift from Okawaru
 48659 | Vaults:4 | Identified the ring "Meghy" {rF+ rCorr MP-9 Str+3 Dex+4}
 48661 | Vaults:4 | Identified the +3 ring mail of the Silversmith {rPois}
 48672 | Vaults:4 | Identified the staff of poison "Unlenguh" {Fly rPois rC+
                  | Str-4 Dex+2}
 48830 | Vaults:4 | Found Titenus's Assorted Antiques.
 48833 | Vaults:4 | Bought a scroll of enchant armour for 330 gold pieces
 48836 | Vaults:4 | Found Raptegot's Antique Armour Boutique.
 49149 | Depths:1 | Entered Level 1 of the Depths
 49574 | Depths:1 | Found a gateway to Hell.
 49574 | Depths:1 | Found a hide-covered altar of Uskayaw.
 49634 | Depths:1 | Found a transporter.
 49636 | Depths:1 | Noticed Amikeex's ghost (adept TrMo)
 49638 | Depths:1 | Found a transporter.
 49639 | Depths:1 | Noticed a dread lich
 49718 | Depths:1 | Killed a dread lich
 49771 | Depths:1 | Killed Amikeex's ghost
 49863 | Depths:1 | Identified the amulet of Music {Faith Str+6 Int-4 Dex+3}
 49994 | Depths:1 | Found a one-way gate leading to the halls of Pandemonium.
 50051 | Depths:1 | Reached XP level 22. HP: 197/199 MP: 20/29
 50157 | Depths:1 | Found Idiweps's Magic Scroll Shoppe.
 50175 | Depths:1 | Found a one-way gateway to a ziggurat.
 50175 | Depths:1 | Noticed a dread lich
 50194 | Depths:1 | Killed a dread lich
 50194 | Depths:1 | Received a gift from Okawaru
 50195 | Depths:1 | You are sucked into a shaft and drop 1 floor!
 50257 | Depths:2 | Paralysed by a floating eye for 4 turns
 50265 | Depths:2 | Paralysed by a floating eye for 3 turns
 50271 | Depths:2 | Paralysed by a floating eye for 3 turns
 50646 | Depths:2 | Found a large runed translucent door.
 50647 | Depths:2 | Found a large runed translucent door.
 50648 | Depths:2 | Noticed Barug's ghost (adept TrMo)
 51196 | Depths:2 | Identified the ring of Pragmatism {Wiz rF++}
 51459 | Depths:2 | Received a gift from Okawaru
 51738 | Depths:2 | Killed Barug's ghost
 52415 | Depths:3 | Received a gift from Okawaru
 52636 | Depths:3 | Received a gift from Okawaru
 52939 | Depths:3 | Found a shimmering blue altar of Sif Muna.
 53005 | Depths:4 | Entered Level 4 of the Depths
 53474 | Depths:4 | Received a gift from Okawaru
 53706 | Depths:4 | Reached XP level 23. HP: 232/232 MP: 21/30
 53774 | Depths:4 | Found a flickering gateway to a bazaar.
 53779 | Bazaar   | Entered a bazaar
 53796 | Bazaar   | Found Lonesujo's General Store.
 53843 | Bazaar   | Found Ofarryce's Armour Emporium.
 53922 | Bazaar   | Bought a scroll of acquirement for 468 gold pieces
 53922 | Bazaar   | Acquired the ring "Toaps" {rElec rF- rCorr Int+6 Dex+6}
 54501 | Depths:4 | Found a gate to the Realm of Zot.
 55281 | Crypt:1  | Entered Level 1 of the Crypt
 55925 | Crypt:1  | Found a basalt altar of Yredelemnul.
 55962 | Crypt:1  | HP: 6/225 [hellion/damnation (22)]
 57215 | Crypt:2  | Received a gift from Okawaru
 57215 | Crypt:2  | Found the +7 Kryia's mail coat {PotionHeal*2 rC+}
 57380 | Crypt:2  | Identified the +6 morningstar of Vengeance {spect, rElec
                  | rF- rN+}
 57436 | Crypt:2  | Identified the +3 spear of Ashenzari's Reproof {chaos, rN+
                  | Will+}
 57889 | Crypt:3  | Entered Level 3 of the Crypt
 58019 | Crypt:3  | Found a staircase to the Tomb.
 58141 | Crypt:3  | Reached skill level 27 in Armour
 59124 | Crypt:2  | Received a gift from Okawaru
 59318 | Crypt:3  | Noticed a royal mummy
 59327 | Crypt:3  | Identified the orb "Peheek" {mayhem, Str+3 Int+3}
 59327 | Crypt:3  | Noticed a royal mummy
 59528 | Crypt:3  | Reached XP level 24. HP: 247/247 MP: 30/30
 59960 | D:6      | Killed MissSlay's ghost
 60209 | Lair:4   | Killed Odimp's ghost
 60534 | Lair:5   | Killed Sonja
 60729 | Lair:5   | Acquired 879 gold pieces
 61098 | Crypt:3  | Killed a royal mummy
 61141 | Crypt:3  | Identified the ring "Atri" {Ice Contam rElec Int+3}
 61141 | Crypt:3  | Noticed Josephina
 61171 | Crypt:3  | Killed Josephina
 61303 | Crypt:3  | Found an ancient bone altar of Kikubaaqudgha.
 61307 | Crypt:3  | Found a basalt altar of Yredelemnul.
 61318 | Crypt:3  | Got the Tome of Sinister Words
 61319 | Crypt:3  | Identified the amulet "Tyz Zyst" {Regen+ Stlth+}
 61328 | Crypt:3  | Identified the +3 trident of Greatest Utility {pain, rF+}
 61693 | Vaults:5 | Entered Level 5 of the Vaults
 61735 | Vaults:4 | Received a gift from Okawaru
 61773 | Vaults:5 | Noticed a dread lich
 61932 | Vaults:4 | Killed a dread lich
 62209 | Vaults:5 | Identified the +2 leather armour of Charity {rC+ rCorr
                  | MP+9}
 62404 | Vaults:5 | Noticed an ancient lich
 62424 | Vaults:5 | Killed an ancient lich
 62536 | Vaults:5 | Identified the +8 flail of Exoneration {elec, rCorr Str-5
                  | Dex+7}
 62569 | Vaults:5 | Paralysed by a floating eye for 2 turns
 62581 | Vaults:5 | Noticed a dread lich
 62588 | Vaults:5 | Killed a dread lich
 62628 | Vaults:5 | Noticed Frederick
 62837 | Vaults:5 | Got a silver rune of Zot
 62993 | Vaults:5 | Received a gift from Okawaru
 63550 | Vaults:5 | Found Vuiri's Magic Scroll Boutique.
 63593 | Vaults:5 | Bought a scroll of enchant weapon for 150 gold pieces
 63593 | Vaults:5 | Bought a scroll of blinking for 150 gold pieces
 63651 | Vaults:5 | Found Ahemafis's Magic Scroll Shoppe.
 63655 | Vaults:5 | Bought a scroll of teleportation for 30 gold pieces
 63655 | Vaults:5 | Bought a scroll of fear for 40 gold pieces
 63655 | Vaults:5 | Bought a scroll of identify for 20 gold pieces
 63886 | Vaults:5 | Killed Frederick
 64310 | Zot:1    | Entered Level 1 of the Realm of Zot
 64664 | Zot:1    | Reached XP level 25. HP: 167/264 MP: 29/30
 64762 | Zot:1    | Noticed an orb of fire
 64762 | Zot:1    | Gained mutation: You occasionally lose the ability to read
                  | scrolls when taking damage. [an orb of fire]
 64764 | Zot:1    | Gained mutation: You are weak. (Str -2) [an orb of fire]
 64773 | Zot:1    | Gained mutation: You occasionally lose the ability to drink
                  | potions when taking damage. [an orb of fire]
 64776 | Zot:1    | Gained mutation: You are frail. (-10% HP) [an orb of fire]
 64778 | Zot:1    | Killed an orb of fire
 64857 | Zot:1    | Lost mutation: You occasionally lose the ability to read
                  | scrolls when taking damage. [potion of mutation]
 64857 | Zot:1    | Lost mutation: You are weak. (Str -2) [potion of mutation]
 64857 | Zot:1    | Lost mutation: You are frail. (-10% HP) [potion of
                  | mutation]
 64857 | Zot:1    | Lost mutation: You passively dampen the noise of your
                  | surroundings. [potion of mutation]
 64857 | Zot:1    | Lost mutation: You are clumsy. (Dex -2) [potion of
                  | mutation]
 64857 | Zot:1    | Lost mutation: Your flesh is heat resistant. (rF+) [potion
                  | of mutation]
 64857 | Zot:1    | Gained mutation: You are somewhat resistant to further
                  | mutation. [potion of mutation]
 64857 | Zot:1    | Gained mutation: Your muscles are strong. (Str +4, Int/Dex
                  | -1) [potion of mutation]
 64858 | Zot:1    | Lost mutation: You occasionally lose the ability to drink
                  | potions when taking damage. [potion of mutation]
 64858 | Zot:1    | Lost mutation: You are somewhat resistant to further
                  | mutation. [potion of mutation]
 64858 | Zot:1    | Lost mutation: Your muscles are strong. (Str +4, Int/Dex
                  | -1) [potion of mutation]
 64858 | Zot:1    | Gained mutation: Your magical capacity is low. (-10% MP)
                  | [potion of mutation]
 64858 | Zot:1    | Gained mutation: You are covered in fur. (AC +1) [potion of
                  | mutation]
 64858 | Zot:1    | Gained mutation: You have hidden genetic potential. [potion
                  | of mutation]
 66059 | Zot:2    | Noticed an orb of fire
 66067 | Zot:2    | Gained mutation: You are occasionally teleported next to
                  | monsters. [an orb of fire]
 66076 | Zot:2    | Killed an orb of fire
 66077 | Zot:2    | Lost mutation: You are covered in fur. (AC +1) [potion of
                  | mutation]
 66077 | Zot:2    | Lost mutation: You are occasionally teleported next to
                  | monsters. [potion of mutation]
 66077 | Zot:2    | Lost mutation: Your magical capacity is low. (-10% MP)
                  | [potion of mutation]
 66077 | Zot:2    | Lost mutation: You have hidden genetic potential. [potion
                  | of mutation]
 66077 | Zot:2    | Gained mutation: You possess an exceptional clarity of
                  | mind. [potion of mutation]
 66077 | Zot:2    | Gained mutation: You are partially covered in iridescent
                  | scales. (AC +2) [potion of mutation]
 66077 | Zot:2    | Gained mutation: Your mind is acute. (Int +4, Str/Dex -1)
                  | [potion of mutation]
 66077 | Zot:2    | Gained mutation: You have supernaturally acute eyesight.
                  | (SInv) [potion of mutation]
 66536 | Zot:2    | Received a gift from Okawaru
 70122 | Zot:4    | Upgraded the game from 0.30.0-30-g96aa6591b8 to 0.30.1
 70148 | Zot:4    | Reached skill level 27 in Fighting
 70257 | Zot:4    | Reached skill level 1 in Dodging
 71109 | Zot:5    | Entered Level 5 of the Realm of Zot
 71150 | Zot:5    | Reached XP level 26. HP: 237/284 MP: 21/30
 71276 | Zot:5    | Noticed an orb of fire
 71302 | Zot:4    | Killed an orb of fire
 71523 | Zot:5    | Found Coihurr's Changing Room.
 71751 | Zot:5    | Reached skill level 5 in Dodging
 71791 | Zot:5    | Noticed an orb of fire
 71810 | Zot:5    | Noticed a dread lich
 71813 | Zot:5    | Noticed an orb of fire
 71814 | Zot:5    | Noticed an orb of fire
 71817 | Zot:5    | Noticed an ancient lich
 71819 | Zot:5    | Noticed an orb of fire
 71820 | Zot:5    | Killed an orb of fire
 71821 | Zot:5    | Noticed an orb of fire
 71823 | Zot:5    | Noticed an orb of fire
 71824 | Zot:5    | Noticed an orb of fire
 71826 | Zot:5    | Noticed an orb of fire
 71831 | Zot:5    | Noticed an orb of fire
 71837 | Zot:5    | Lost mutation: You are partially covered in iridescent
                  | scales. (AC +2) [an orb of fire]
 71840 | Zot:5    | Killed an orb of fire
 71851 | Zot:5    | Gained mutation: You have large cloven feet. [an orb of
                  | fire]
 71859 | Zot:4    | Gained mutation: You are vulnerable to cold. (rC-)
                  | [mutagenic glow]
 71869 | Zot:4    | Gained mutation: You occasionally lose the ability to read
                  | scrolls when taking damage. [mutagenic glow]
 71886 | Zot:4    | Gained mutation: Your body sometimes deteriorates upon
                  | taking damage. [mutagenic glow]
 71897 | Zot:4    | Lost mutation: You possess an exceptional clarity of mind.
                  | [mutagenic glow]
 71967 | Zot:4    | Lost mutation: Your mind is acute. (Int +4, Str/Dex -1)
                  | [potion of mutation]
 71967 | Zot:4    | Lost mutation: You have supernaturally acute eyesight.
                  | (SInv) [potion of mutation]
 71967 | Zot:4    | Lost mutation: You occasionally lose the ability to read
                  | scrolls when taking damage. [potion of mutation]
 71967 | Zot:4    | Lost mutation: You are vulnerable to cold. (rC-) [potion of
                  | mutation]
 71967 | Zot:4    | Lost mutation: Your body sometimes deteriorates upon taking
                  | damage. [potion of mutation]
 71967 | Zot:4    | Lost mutation: You have large cloven feet. [potion of
                  | mutation]
 71967 | Zot:4    | Gained mutation: Your tail ends in a venomous barb. [potion
                  | of mutation]
 71967 | Zot:4    | Gained mutation: Your body sometimes deteriorates upon
                  | taking damage. [potion of mutation]
 71967 | Zot:4    | Lost mutation: Your body sometimes deteriorates upon taking
                  | damage. [potion of mutation]
 71967 | Zot:4    | Gained mutation: You are partially covered in iridescent
                  | scales. (AC +2) [potion of mutation]
 71967 | Zot:4    | Gained mutation: You are dopey. (Int -2) [potion of
                  | mutation]
 71967 | Zot:4    | Gained mutation: You expend magic power (3 MP) to
                  | strengthen your wands. [potion of mutation]
 72102 | Zot:5    | Killed an orb of fire
 72118 | Zot:5    | Gained mutation: You have large cloven feet. [an orb of
                  | fire]
 72134 | Zot:5    | Killed an orb of fire
 72139 | Zot:5    | Gained mutation: You are frail. (-10% HP) [an orb of fire]
 72153 | Zot:5    | Killed an orb of fire
 72166 | Zot:5    | Killed an orb of fire
 72181 | Zot:5    | Killed an ancient lich
 72197 | Zot:5    | Killed an orb of fire
 72197 | Zot:5    | Received a gift from Okawaru
 72425 | Zot:5    | Gained mutation: You are vulnerable to heat. (rF-) [an orb
                  | of fire]
 72448 | Zot:5    | Killed an orb of fire
 72642 | Zot:5    | Identified the scarf "Qecroybru" {shadows, Int+3 Dex+2}
 72696 | Zot:5    | Gained mutation: You occasionally lose the ability to drink
                  | potions when taking damage. [an orb of fire]
 72697 | Zot:5    | Killed an orb of fire
 72717 | Zot:5    | Received a gift from Okawaru
 72718 | Zot:5    | Reached skill level 10 in Dodging
 72744 | Zot:5    | Killed a dread lich
 72959 | Zot:5    | Identified the +4 quarterstaff "Petub" {heavy, rPois}
 73017 | Zot:5    | Lost mutation: You are vulnerable to heat. (rF-) [potion of
                  | mutation]
 73017 | Zot:5    | Lost mutation: You occasionally lose the ability to drink
                  | potions when taking damage. [potion of mutation]
 73017 | Zot:5    | Lost mutation: You are frail. (-10% HP) [potion of
                  | mutation]
 73017 | Zot:5    | Lost mutation: You are partially covered in iridescent
                  | scales. (AC +2) [potion of mutation]
 73017 | Zot:5    | Lost mutation: You have large cloven feet. [potion of
                  | mutation]
 73017 | Zot:5    | Lost mutation: Your tail ends in a venomous barb. [potion
                  | of mutation]
 73017 | Zot:5    | Gained mutation: You have sharp toenails. [potion of
                  | mutation]
 73017 | Zot:5    | Gained mutation: You occasionally lose the ability to drink
                  | potions when taking damage. [potion of mutation]
 73017 | Zot:5    | Gained mutation: You have a pair of small antennae on your
                  | head. [potion of mutation]
 73017 | Zot:5    | Gained mutation: You have razor-sharp toenails. [potion of
                  | mutation]
 73017 | Zot:5    | Gained mutation: You are somewhat resistant to further
                  | mutation. [potion of mutation]
 73018 | Zot:5    | Lost mutation: You are dopey. (Int -2) [potion of mutation]
 73018 | Zot:5    | Lost mutation: You expend magic power (3 MP) to strengthen
                  | your wands. [potion of mutation]
 73018 | Zot:5    | Lost mutation: You have a pair of small antennae on your
                  | head. [potion of mutation]
 73018 | Zot:5    | Lost mutation: You occasionally lose the ability to drink
                  | potions when taking damage. [potion of mutation]
 73018 | Zot:5    | Gained mutation: You are partially covered in iridescent
                  | scales. (AC +2) [potion of mutation]
 73064 | Zot:5    | Got the Orb of Zot
 73727 | D:$      | Escaped with the Orb!

Illustrated notes

Levels and vault maps discovered:
D:1:      saegor_arrival_simple_d, layout_basic,
          dreamdust_ecumenical_altar_hidden_monk_grotto,
          minmay_misc_feat_four_crosses, nicolae_hexahallways, roderic_lattice_a
D:2:      layout_basic
D:3:      layout_basic
D:4:      layout_rooms, serial_shops, kennysheep_mini_moat, shop, shop,
          hex_tiny, uniq_duvessa
D:5:      layout_cave_pods, serial_shops, shop_coins, hangedman_decor_riveting
D:6:      layout_loops_ring, minmay_temple_entry_stoned_glass,
          gammafunk_ghost_split
D:7:      layout_basic, nicolae_ossuary_entry_giza, uniq_menkaure
D:8:      layout_loops_ring, makhleb_blood_cavern_becter, uniq_maurice,
          uniq_prince_ribbit1, uniq_pikel
D:9:      layout_roguey, st_stairs_1
D:10:     layout_long_grid
D:11:     layout_loops_ring, erik_lair_orcish_takeover, uniq_grum
D:12:     minmay_connected_boxes_in_corner, layout_loops_corners, orc_david_3,
          ashenzari_conservatory_becter, uniq_lodul
D:13:     minmay_opposing_rooms, layout_basic,
          lightli_vaults_fourway_checkpoint, serial_shops, shop,
          nicolae_shop_pleasant_corner_grove, shop,
          nicolae_shop_real_fake_doors, uniq_urug
D:14:     layout_roguey, nicolae_qazlal_scattered_showers
D:15:     hangedman_depths_entry_try_elsewhere_first, layout_rooms, uniq_azrael
Temple:   regret_index_temple_sigil_plot
Lair:1:   layout_gridlike
Lair:2:   layout_loops_ring, minmay_shoals_entry_centaurs,
          spider_nest_entry_funnel_web, minivault_11, serial_bayou_shore_a,
          infiniplex_staircase_pool
Lair:3:   layout_chaotic_city, basic_altar, chequers_serial_rivers_room_a
Lair:4:   layout_layer_cave, gammafunk_ghost_hive, serial_bayou_pond_b,
          chequers_serial_rivers_small_b, serial_bayou_shore_b
Lair:5:   hellmonk_lair_end_abyssal_woods, layout_small_grid,
          minmay_slime_entry_jelly_boxes, kennysheep_basilisk_garden,
          lemuel_fruit_tree, uniq_sonja
Shoals:1: layout_shoals, serial_shops, shop, nicolae_shop_window_shopping,
          uniq_mlioglotl
Shoals:2: layout_shoals
Shoals:3: nicolae_shoals_offshore_bank_account, layout_shoals, overgrown_hall
Shoals:4: shoals_end_grunt_garden, layout_shoals
Spider:1: layout_spider_delve
Spider:2: layout_chambers, guppyfry_hornet_nest
Spider:3: layout_spider_delve
Spider:4: hellmonk_spider_rune_bug_friends
Orc:1:    layout_diamond_mine, basic_altar, lemuel_statue_altar
Orc:2:    st_orc_mages, layout_diamond_mine
Elf:1:    nicolae_elf_arrival_no_cutting_in_line, layout_onion_city,
          minivault_28, minmay_shop_grove
Elf:2:    nicolae_elf_blades_crystal_corner, layout_geoelf_diagonals,
          serial_glass, glass_columns_a, glass_columns_a, serial_shops, shop
Elf:3:    minmay_elf_hall_furrowed, layout_rooms, serial_shops, shop
Vaults:1: nicolae_vaults_you_can_take_it_with_you, nicolae_vaults_network_s,
          hangedman_vaults_hat, nicolae_vaults_ellipses_ellipsis,
          vaults_dpeg_ring, hangedman_vaults_stagger,
          nicolae_vaults_closet_pinwheel_4, nicolae_vaults_house_1,
          nicolae_vaults_two_Ls, nicolae_vaults_little_ls, v_alt_pattern_3,
          vaults_dpeg_cross, nicolae_vaults_sesquioval_fish, layout_vaults_ring,
          serial_shops, nicolae_shop_bloodbath_and_beyond
Vaults:2: nicolae_vaults_network_star, nicolae_vaults_storage_closets_1,
          v_misc_33, vaults_dpeg_emergency_exit,
          vaults_mumra_minichess_inversion, nicolae_vaults_specimen_jars,
          minmay_crypt_entry_skeletal_spiral, vaults_room_stairs_pillars,
          layout_vaults_omnigrid, serial_shops, shop
Vaults:3: hangedman_vaults_locks, hangedman_vaults_unwind, v_misc_24,
          ontoclasm_vaults_eye, nicolae_vaults_mini_display_case,
          nicolae_vaults_alarming, hangedman_vaults_cutoff,
          nicolae_vaults_little_squares_5, nicolae_vaults_house_1, v_misc_17,
          ontoclasm_vaults_fault, nicolae_vaults_tetromino_T_2,
          layout_vaults_omnibox
Vaults:4: nicolae_vaults_storing_the_good_stuff, nicolae_vaults_trapezoid_1,
          dpeg_vaults_monster_box, nicolae_vaults_little_squares_6,
          ontoclasm_vaults_ligature, nicolae_vaults_sesquioval_fish,
          grunt_vaults_bifocal, v_misc_5, nicolae_vaults_theta,
          nicolae_vaults_offset_grid_hallway_2, vaults_mumra_hexcomb,
          nicolae_vaults_yaktaur_gun_rack, v_misc_10, layout_vaults_maze,
          serial_shops, nicolae_shop_tiny_real_fake_doors,
          nicolae_shop_tiny_waterfront, nicolae_shop_just_a_little_nook, shop,
          nicolae_shop_advertising_works [nicolae_subvault_shop_adworks]
Vaults:5: serial_shops, uniq_frederick
Crypt:1:  layout_rooms, small_chamber_with_monster, lemuel_hellish_altar,
          grunt_megastairs_1
Crypt:2:  hangedman_hall_of_fallen_heroes, layout_basic
Crypt:3:  lightli_unholy_cathedral, layout_chaotic_city,
          tomb_entry_forgotten_bobbens, uniq_josephina
Depths:1: layout_forbidden_donut, enter_ziggurat_d, nicolae_uskayaw_suspiria,
          gammafunk_ghost_mausoleum, grunt_pan_entry_in_and_out, hell_entry,
          serial_shops, shop, water_maze_lemuel
Depths:2: kennysheep_ogre_elephant_herders, layout_cave_pools,
          ebering_ghost_disaster_area, rand_demon_pan_entry_8, hell_entry,
          minmay_misc_feat_pillars, wad_scary_box
Depths:3: nooodl_glass_maze, layout_cave_shapes, abyss_entry, hell_entry,
          pan_entry, tgw_sif
Depths:4: evilmike_zot_entry_hall, layout_basic, serial_shops, freezing_bzr,
          hell_entry, nrook_mini_vaults, grunt_megastairs_5
Zot:1:    layout_basic
Zot:2:    layout_cellular_growth, grunt_megastairs_2
Zot:3:    kennysheep_oblong_rooms, layout_twisted_circle, lemuel_flame_loot_1
Zot:4:    layout_twisted_circle
Zot:5:    layout_basic, nicolae_transmutations_shop, st_stairs_9,
          hangedman_zot_decor_slant, grunt_ministairs_14

Skill      XL: |  1  2  3  4  5  6  7  8  9 10 11 12 13 14 15 16 17 18 19 20 21 22 23 24 25 26 |
---------------+-------------------------------------------------------------------------------+-----
Maces & Flails | 2 3 4 5 6 7 8 9 11 12 13 14 15 | 15.9
Fighting       | 3 4 6 7 8 9 10 11 13 14 15 16 17 18 19 20 21 24 27 | 27.0
Armour         | 4 5 6 8 9 11 12 13 15 16 18 19 21 22 23 24 26 27 | 27.0
Evocations     | 2 3 4 5 8 10 12 14 15 16 17 19 20 | 20.0
Shields        | 4 5 7 9 10 11 13 15 17 18 | 18.3
Invocations    | 2 4 5 7 8 9 10 | 10.0
Dodging        | 2 10 | 10.7
Axes           | |  0.6

Action                     |  1- 3 |  4- 6 |  7- 9 | 10-12 | 13-15 | 16-18 | 19-21 | 22-24 | 25-27 || total
---------------------------+-------+-------+-------+-------+-------+-------+-------+-------+-------++-------
  Melee: Flail             |   103 |    24 |    82 |       |       |       |       |       |       ||   209
         Tailslap          |    10 |    14 |    36 |   138 |   272 |   342 |   502 |   670 |   311 ||  2295
         Whip              |     9 |    71 |       |       |       |       |       |       |       ||    80
         Hand axe          |       |       |   113 |       |       |       |       |       |       ||   113
         Morningstar       |       |       |   102 |   965 |   727 |       |       |       |       ||  1794
         War axe           |       |       |     2 |       |       |       |       |       |       ||     2
         Great mace        |       |       |       |       |   601 |       |    15 |       |       ||   616
         Lajatang          |       |       |       |       |     7 |       |       |       |       ||     7
         Demon whip        |       |       |       |       |   269 |  1719 |    99 |       |       ||  2087
         Eveningstar       |       |       |       |       |       |       |  1830 |  2462 |  1152 ||  5444
         Kick              |       |       |       |       |       |       |       |       |   123 ||   123
  Throw: Dart              |       |     4 |     9 |    28 |       |       |       |       |       ||    41
         Stone             |       |     4 |     6 |       |       |       |       |       |       ||    10
         Boomerang         |       |       |       |     1 |       |       |       |       |       ||     1
 Invoke: Heroism           |       |       |     4 |    13 |    21 |     7 |     6 |    10 |     6 ||    67
         Finesse           |       |       |       |       |       |     2 |     1 |     2 |     9 ||    14
  Evoke: Wand              |       |       |     2 |     2 |       |    24 |     4 |     4 |     6 ||    42
         Condenser vane    |       |       |       |       |       |     2 |     1 |     1 |     1 ||     5
         Phial of floods   |       |       |       |       |       |       |       |     1 |     1 ||     2
    Use: Scroll            |     2 |     4 |     2 |     8 |    29 |     5 |     5 |    20 |     2 ||    77
         Potion            |       |     3 |     4 |     2 |     5 |     3 |     2 |     8 |    16 ||    43
   Stab: Sleeping          |     1 |       |     4 |       |       |       |       |       |       ||     5
         Invisible         |       |       |       |       |       |     1 |       |     1 |     1 ||     3
         Distracted        |       |       |       |       |       |       |     1 |       |     1 ||     2
         Held in net/web   |       |       |       |       |       |       |       |       |     2 ||     2
 Armour: Scale mail        |    41 |       |       |       |   445 |       |       |       |       ||   486
         Robe              |    17 |    16 |   120 |       |       |       |       |       |       ||   153
         Plate armour      |       |       |     4 |   407 |   375 |       |   726 |  1365 |   553 ||  3430
         Chain mail        |       |       |     3 |       |    56 |   820 |   180 |       |       ||  1059
         Skin              |       |       |       |     5 |       |       |       |       |       ||     5
  Dodge: Dodged            |    42 |    30 |    98 |   437 |   698 |   208 |   199 |   274 |   133 ||  2119
  Block: Buckler           |    22 |    17 |    75 |   270 |   209 |       |       |       |       ||   593
         Kite shield       |       |       |       |       |    85 |  1067 |  1339 |  2084 |   775 ||  5350
         Reflection        |       |       |       |       |    16 |    90 |   101 |    35 |    16 ||   258
         Other             |       |       |       |       |       |       |     7 |       |       ||     7
